General information
- name: BNet
- type: Ladder team game (AT/RT)
- host: Battle.net
- saver: YeahShesAssBATS
map: Friends
- players: 8
- length: 37:07
- speed: Fast
- version: 1.21 W3XP
- replay type: Public
» download(187 KB)
Players
team 1 (loser)
bih.man (
teal | 66 APM | 2435 actions | 37:06)
2 Crypt Lord
1 Carrion Beetles
1 Spiked Carapace
5 Death Knight
3 Death Coil
2 Unholy Aura
1 Firelord
1 Volcano
» actions
| Assign group hotkey | 43 | |
| Basic commands | 55 | |
| Build / train | 106 | |
| Enter build submenu | 12 | |
| Enter hero's abilities submenu | 8 | |
| Remove unit from queue | 6 | |
| Right click | 1022 | |
| Select / deselect | 488 | |
| Select group hotkey | 651 | |
| Use ability | 44 | |
2435 total
» units
| Acolyte | 7 | |
| Ghoul | 2 | |
| Crypt Fiend | 34 | |
| Frost Wyrm | 9 | |
| Chimaera | 14 | |
| Druid of the Talon | 1 | |
| Hippogryph | 14 | |
81 total
» upgrades
| Web | 1 | |
| Freezing Breath | 1 | |
| Sorceress Training | 1 | |
| Magic Sentry | 1 | |
4 total
» buildings
| Graveyard | 1 | |
| Crypt | 1 | |
| Ziggurat | 10 | |
| Altar of Darkness | 1 | |
| Tomb of Relics | 1 | |
| Halls of the Dead | 1 | |
| Black Citadel | 1 | |
| Sacrificial Pit | 1 | |
| Boneyard | 2 | |
19 total
» build order
00:10 Graveyard
00:14 Crypt
00:43 Ziggurat
01:04 Altar of Darkness
01:45 Ziggurat
02:16 Ziggurat
02:59 Tomb of Relics
04:50 Halls of the Dead
05:33 Ziggurat
13:35 Ziggurat
13:42 Black Citadel
17:18 Sacrificial Pit
17:27 Ziggurat
17:29 Ziggurat
17:30 Ziggurat
17:31 Ziggurat
17:33 Ziggurat
18:19 Boneyard
18:21 Boneyard
Caspase (
purple | 34 APM | 1029 actions | 30:10)
3 Keeper of the Grove
1 Entangling Roots
1 Force of Nature
1 Thorns Aura
» actions
| Assign group hotkey | 37 | |
| Basic commands | 130 | |
| Build / train | 59 | |
| ESC pressed | 2 | |
| Enter build submenu | 19 | |
| Enter hero's abilities submenu | 5 | |
| Remove unit from queue | 1 | |
| Right click | 298 | |
| Select / deselect | 257 | |
| Select group hotkey | 177 | |
| Use ability | 44 | |
1029 total
» units
| Wisp | 18 | |
| Huntress | 5 | |
| Druid of the Talon | 1 | |
| Chimaera | 20 | |
| Faerie Dragon | 3 | |
47 total
» upgrades
| Strength of the Wild | 3 | |
| Reinforced Hides | 2 | |
5 total
» buildings
| Altar of Elders | 1 | |
| Moon Well | 6 | |
| Hunter's Hall | 1 | |
| Tree of Ages | 1 | |
| Ancient of War | 2 | |
| Ancient of Wind | 2 | |
| Tree of Eternity | 1 | |
| Chimaera Roost | 2 | |
| Ancient of Wonders | 1 | |
| Tree of Life | 1 | |
18 total
» build order
00:18 Altar of Elders
00:32 Moon Well
01:15 Moon Well
02:12 Hunter's Hall
02:22 Moon Well
02:41 Tree of Ages
02:55 Ancient of War
03:38 Moon Well
04:05 Ancient of War
05:22 Ancient of Wind
06:06 Tree of Eternity
08:28 Chimaera Roost
08:30 Chimaera Roost
09:28 Moon Well
09:29 Moon Well
23:31 Ancient of Wind
23:39 Ancient of Wonders
28:20 Tree of Life
Getter.Tomahawk (
red | 35 APM | 1107 actions | 31:27)
6 Firelord
3 Incinerate
3 Soul Burn
» actions
| Assign group hotkey | 62 | |
| Build / train | 51 | |
| Enter build submenu | 16 | |
| Enter hero's abilities submenu | 5 | |
| Right click | 670 | |
| Select / deselect | 261 | |
| Select group hotkey | 11 | |
| Use ability | 31 | |
1107 total
» units
| Peon | 8 | |
| Grunt | 6 | |
| Demolisher | 12 | |
| Troll Headhunter/Berserker | 5 | |
31 total
» upgrades
| Berserker Strength | 1 | |
| Ranged Weapons | 3 | |
| Armor | 3 | |
| Burning Oil | 1 | |
| Berserker Upgrade | 1 | |
| Troll Regeneration | 1 | |
10 total
» buildings
| Altar of Storms | 1 | |
| Orc Burrow | 6 | |
| Barracks | 3 | |
| War Mill | 1 | |
| Stronghold | 1 | |
| Fortress | 1 | |
| Watch Tower | 5 | |
18 total
» build order
00:22 Altar of Storms
00:30 Orc Burrow
01:35 Barracks
01:43 Orc Burrow
02:25 War Mill
03:47 Orc Burrow
04:32 Stronghold
05:14 Orc Burrow
06:11 Barracks
08:37 Fortress
10:05 Barracks
19:25 Orc Burrow
22:45 Orc Burrow
29:00 Watch Tower
29:09 Watch Tower
29:11 Watch Tower
29:14 Watch Tower
29:18 Watch Tower
linkrox (
blue | 29 APM | 916 actions | 31:37)
3 Blood Mage
2 Flame Strike
1 Siphon Mana
2 Dark Ranger
1 Black Arrow
1 Life Drain
2 Beastmaster
1 Summon Bear
1 Summon Quilbeast
» actions
| Basic commands | 7 | |
| Build / train | 118 | |
| Enter build submenu | 27 | |
| Enter hero's abilities submenu | 7 | |
| Remove unit from queue | 1 | |
| Right click | 292 | |
| Select / deselect | 400 | |
| Use ability | 64 | |
916 total
» units
| Peasant | 7 | |
| Footman | 7 | |
| Spell Breaker | 7 | |
| Dragonhawk Rider | 21 | |
| Priest | 7 | |
| Flying Machine | 37 | |
86 total
» upgrades
| Swords | 3 | |
| Control Magic | 1 | |
| Cloud | 1 | |
| Armor | 1 | |
| Plating | 1 | |
| Lumber Harvesting | 2 | |
| Priest Training | 1 | |
| Magic Sentry | 0 | |
| Flying Machine Bombs | 1 | |
| Flak Cannons | 1 | |
| Gunpowder | 3 | |
15 total
» buildings
| Altar of Kings | 1 | |
| Farm | 12 | |
| Barracks | 1 | |
| Lumber Mill | 1 | |
| Blacksmith | 2 | |
| Arcane Vault | 2 | |
| Keep | 1 | |
| Scout Tower | 2 | |
| Guard Tower | 1 | |
| Gryphon Aviary | 1 | |
| Arcane Sanctum | 1 | |
| Castle | 1 | |
| Workshop | 2 | |
| Town Hall | 1 | |
29 total
» build order
00:29 Altar of Kings
00:44 Farm
00:57 Barracks
01:25 Lumber Mill
01:39 Farm
02:32 Farm
02:36 Blacksmith
02:46 Blacksmith
03:13 Arcane Vault
03:17 Arcane Vault
03:38 Keep
04:05 Scout Tower
04:56 Guard Tower
07:15 Gryphon Aviary
07:17 Arcane Sanctum
07:43 Castle
08:40 Farm
09:08 Farm
10:29 Farm
10:30 Farm
11:11 Farm
11:16 Workshop
16:31 Farm
16:37 Farm
18:14 Farm
18:17 Farm
26:51 Workshop
27:49 Scout Tower
30:03 Town Hall
» items
| Scroll of Town Portal | 1 | |
| Orb of Fire | 1 | |
| Staff of Sanctuary | 1 | |
3 total
team 2 (winner)

»
ImBestAtLosing (
yellow | 27 APM | 446 actions | 16:34)
2 Pandaren Brewmaster
1 Drunken Brawler
1 Breath of Fire
» actions
| Basic commands | 2 | |
| Build / train | 20 | |
| Enter build submenu | 34 | |
| Enter hero's abilities submenu | 2 | |
| Right click | 218 | |
| Select / deselect | 137 | |
| Use ability | 33 | |
446 total
» units
» upgrades
» buildings
| Altar of Kings | 2 | |
| Farm | 12 | |
| Lumber Mill | 2 | |
| Scout Tower | 6 | |
| Arcane Vault | 3 | |
| Blacksmith | 1 | |
| Guard Tower | 4 | |
| Keep | 1 | |
| Town Hall | 1 | |
32 total
» build order
00:47 Altar of Kings
01:14 Farm
01:22 Farm
01:41 Lumber Mill
01:59 Farm
03:15 Farm
03:18 Farm
03:39 Farm
03:46 Scout Tower
04:11 Arcane Vault
04:20 Blacksmith
04:25 Guard Tower
04:27 Farm
04:47 Lumber Mill
05:11 Arcane Vault
05:18 Scout Tower
05:34 Farm
05:43 Keep
05:52 Farm
05:56 Guard Tower
07:45 Altar of Kings
08:16 Scout Tower
08:20 Scout Tower
08:47 Guard Tower
09:00 Farm
09:47 Scout Tower
09:52 Scout Tower
10:05 Farm
10:19 Guard Tower
10:45 Farm
11:27 Arcane Vault
15:08 Town Hall
Odysseus5 (
pink | 26 APM | 952 actions | 37:06)
3 Goblin Tinker
1 Pocket Factory
1 Cluster Rockets
1 Engineering Upgrade
1 Death Knight
1 Death Pact
1 Dreadlord
1 Vampiric Aura
1 Lich
1 Frost Nova
» actions
| Basic commands | 14 | |
| Build / train | 65 | |
| Enter build submenu | 36 | |
| Enter hero's abilities submenu | 7 | |
| Right click | 433 | |
| Select / deselect | 300 | |
| Use ability | 97 | |
952 total
» units
| Peon | 16 | |
| Grunt | 6 | |
| Troll Headhunter/Berserker | 15 | |
| Shaman | 1 | |
| Troll Witch Doctor | 1 | |
| Wind Rider | 3 | |
42 total
» upgrades
| Spiked Barricades | 1 | |
| Armor | 1 | |
| Ranged Weapons | 1 | |
| Shaman Training | 1 | |
| Storm Hammers | 1 | |
5 total
» buildings
| Orc Burrow | 6 | |
| War Mill | 3 | |
| Altar of Storms | 2 | |
| Barracks | 2 | |
| Voodoo Lounge | 2 | |
| Watch Tower | 13 | |
| Great Hall | 1 | |
| Stronghold | 1 | |
| Spirit Lodge | 2 | |
| Beastiary | 1 | |
33 total
» build order
00:51 Orc Burrow
01:07 Orc Burrow
01:15 War Mill
01:25 Altar of Storms
01:32 Barracks
01:43 Voodoo Lounge
03:07 Orc Burrow
03:40 Watch Tower
03:45 Watch Tower
04:36 Watch Tower
04:42 Watch Tower
04:51 Watch Tower
05:27 Watch Tower
05:48 Watch Tower
05:49 Watch Tower
05:51 Watch Tower
06:14 Watch Tower
06:18 Watch Tower
06:22 Watch Tower
11:33 Altar of Storms
11:36 Watch Tower
11:39 Barracks
15:53 Great Hall
16:14 Orc Burrow
20:53 Voodoo Lounge
21:22 Orc Burrow
21:36 Stronghold
23:22 Orc Burrow
26:39 Spirit Lodge
26:41 Spirit Lodge
26:47 Beastiary
34:01 War Mill
35:23 War Mill
» items
| Healing Salve | 3 | |
| Lesser Clarity Potion | 2 | |
| Scroll of Speed | 1 | |
| Potion of Mana | 2 | |
| Potion of Healing | 1 | |
9 total
YeahShesAssBATS (
green | 90 APM | 3341 actions | 37:07)
7 Blademaster
3 Wind Walk
3 Critical Strike
1 Bladestorm
8 Death Knight
3 Death Coil
3 Unholy Aura
1 Animate Dead
1 Death Pact
6 Lich
2 Frost Nova
3 Dark Ritual
1 Death and Decay
5 Dreadlord
2 Sleep
2 Carrion Swarm
1 Inferno
» actions
| Assign group hotkey | 44 | |
| Basic commands | 347 | |
| Build / train | 86 | |
| ESC pressed | 4 | |
| Enter build submenu | 45 | |
| Enter hero's abilities submenu | 27 | |
| Give item / drop item | 2 | |
| Right click | 1280 | |
| Select / deselect | 813 | |
| Select group hotkey | 513 | |
| Use ability | 180 | |
3341 total
» units
| Peon | 4 | |
| Ghoul | 3 | |
| Crypt Fiend | 5 | |
| Frost Wyrm | 5 | |
| Acolyte | 9 | |
| Gryphon Rider | 6 | |
32 total
» upgrades
| Creature Attack | 3 | |
| Creature Carapace | 2 | |
5 total
» buildings
| Altar of Storms | 2 | |
| Orc Burrow | 3 | |
| Crypt | 2 | |
| Altar of Darkness | 3 | |
| Graveyard | 1 | |
| Ziggurat | 6 | |
| Tomb of Relics | 1 | |
| Halls of the Dead | 3 | |
| Black Citadel | 1 | |
| Sacrificial Pit | 1 | |
| Boneyard | 2 | |
| Necropolis | 6 | |
| Keep | 1 | |
| Blacksmith | 1 | |
| Castle | 1 | |
| Gryphon Aviary | 3 | |
| Great Hall | 1 | |
| Farm | 3 | |
41 total
» build order
00:04 Altar of Storms
00:05 Orc Burrow
00:15 Crypt
00:19 Altar of Darkness
00:32 Graveyard
00:54 Ziggurat
01:10 Tomb of Relics
01:24 Ziggurat
02:38 Halls of the Dead
02:38 Halls of the Dead
03:10 Ziggurat
04:09 Ziggurat
05:04 Black Citadel
05:07 Sacrificial Pit
07:25 Boneyard
07:28 Boneyard
07:31 Ziggurat
09:17 Ziggurat
16:18 Necropolis
16:48 Altar of Darkness
16:55 Crypt
17:12 Necropolis
17:20 Necropolis
17:33 Altar of Darkness
18:37 Keep
19:18 Blacksmith
21:02 Castle
21:03 Gryphon Aviary
21:04 Gryphon Aviary
21:48 Necropolis
22:04 Necropolis
22:55 Great Hall
23:08 Altar of Storms
23:10 Orc Burrow
23:20 Gryphon Aviary
24:27 Orc Burrow
27:02 Necropolis
27:50 Farm
29:12 Farm
30:15 Farm
» items
| Rod of Necromancy | 3 | |
| Healing Salve | 2 | |
| Orb of Corruption | 2 | |
| Potion of Mana | 1 | |
| Demonic Figurine | 1 | |
| Red Drake Egg | 1 | |
| Potion of Healing | 1 | |
| Inferno Stone | 1 | |
| Ice Shard | 1 | |
13 total
Chat log
(00:18 / Allies) Odysseus5: hi
(00:40 / Allies) ImBestAtLosing: green maqke him tower up
(00:46 / Allies) YeahShesAssBATS: Im feeding him
(02:14 / Allies) ImBestAtLosing: pink, u copy me
(02:59 / Allies) ImBestAtLosing: what hero shuld i get
(06:10 / Allies) ImBestAtLosing: help!
(08:22 / Allies) YeahShesAssBATS: gold me
(09:08 / Allies) ImBestAtLosing: pink.. u are smart 1 for this map
(09:09 / Allies) ImBestAtLosing: lol
(09:25 / Allies) ImBestAtLosing: k.. not anymore
(09:27 / Allies) YeahShesAssBATS: we;re fine
(09:29 / Allies) ImBestAtLosing: u brought them 2 u
(10:20 / Allies) YeahShesAssBATS: why did you use that
(10:20 / Allies) YeahShesAssBATS: jesus
(11:30 / Allies) ImBestAtLosing: lol i like my base
(13:01 / Allies) YeahShesAssBATS: STOP
(15:13 / Allies) ImBestAtLosing: sorry
(15:14 / Allies) ImBestAtLosing: i gtg
(16:09 / All) ImBestAtLosing: lucky
(16:10 / All) ImBestAtLosing: lol
(16:22 / All) ImBestAtLosing: byebye
(16:23 / All) ImBestAtLosing: i gtg
(16:26 / All) ImBestAtLosing: )=
(30:57 / All) YeahShesAssBATS: lEAVE FILTHJ
(30:58 / All) YeahShesAssBATS: ROFL U SUCK
(33:59 / Allies) YeahShesAssBATS: watch this rofl
(37:04 / All) bih.man: is this all